 Dungeon Crawl Stone Soup version 0.30.1-3-gfc49f6343a (webtiles) character file.

Game seed: 13301293780884320081

8253 spardeous the Destroyer (level 10, 0/69 HPs)
             Began as a Demigod Conjurer on Aug 1, 2023.
             Slain by a killer bee (5 damage)
             ... while paralysed by a hornet
             ... on level 10 of the Dungeon.
             The game lasted 00:15:56 (10558 turns).

spardeous the Destroyer (Demigod Conjurer)         Turns: 10558, Time: 00:15:56

Health: 0/69       AC:  4    Str: 13    XL:     10   Next: 80%
Magic:  23/27      EV:  2    Int: 32    God:
Gold:   203        SH:  0    Dex: 12    Spells: 20/27 levels left

rFire   + . .        E - +2 dagger of Obrugas {pain, rC- rN++ Str+5}
rCold   + + .        e - +0 buckler {rC+}
rNeg    + + +        F - +2 robe {Archmagi}
rPois   .            C - +0 hat {SInv}
rElec   .            (no cloak)
rCorr   .            (no gloves)
SInv    +            (no boots)
Will    +....        h - amulet of magic regeneration
Stlth   ++           y - ring of protection from cold
HPRegen 0.31/turn    f - ring of Wesariz {rF+ rC+ rN+}
MPRegen 0.60/turn

%: archmagi
@: paralysed, lethally poisoned (0 -> -9), studying Earth Magic
A: high MP 1, forlorn, divine attributes
a: no special abilities


You were on level 10 of the Dungeon.
You visited 1 branch of the dungeon, and saw 12 of its levels.

You collected 398 gold pieces.
You spent 195 gold pieces at shops.

Inventory:

Hand Weapons
 E - the +2 dagger of Obrugas (weapon) {pain, rC- rN++ Str+5}
   (You found it on level 6 of the Dungeon)

   Str:       It affects your strength (+5).
   rC:        It makes you vulnerable to cold.
   rN:        It greatly protects you from negative energy.
Missiles
 A - 3 throwing nets
Armour
 e - a +0 buckler of cold resistance (worn)
 g - a +0 leather armour
 m - the +5 robe of Tieda {rF++ rC+ Int-4 Slay+3}
   (You found it on level 3 of the Dungeon)

   Int:       It affects your intelligence (-4).
   Slay:      It affects your accuracy & damage with ranged weapons and melee
   (+3).
   rF:        It greatly protects you from fire.
   rC:        It protects you from cold.
 v - a +0 ring mail
 w - the +1 hat of Makhleb {Fly rN+++ Str-3 Dex-4}
   (You acquired it on level 11 of the Dungeon)

   Str:       It affects your strength (-3).
   Dex:       It affects your dexterity (-4).
   rN:        It renders you almost immune to negative energy.
   Fly:       It grants you flight.
 C - a +0 hat of see invisible (worn)
 F - a +2 robe of the Archmagi (worn)
Jewellery
 f - the ring of Wesariz (right hand) {rF+ rC+ rN+}
   (You acquired it on level 11 of the Dungeon)

   [ring of protection from fire]

   rF:        It protects you from fire.
   rC:        It protects you from cold.
   rN:        It protects you from negative energy.
 h - an amulet of magic regeneration (around neck)
 n - an amulet of the acrobat
 y - a ring of protection from cold (left hand)
Wands
 s - a wand of acid (7)
 D - a wand of digging (8)
 J - a wand of roots (13)
Scrolls
 d - 5 scrolls of teleportation
 i - 2 scrolls of silence
 j - 2 scrolls of immolation
 o - 2 scrolls of blinking
 q - 2 scrolls of magic mapping
 t - 2 scrolls of fog
 u - 2 scrolls of amnesia
 z - a scroll of poison
 I - a scroll of fear
 K - a scroll of summoning
 M - a scroll of noise {unknown}
Potions
 a - a potion of haste
 b - a potion of magic
 c - 2 potions of curing
 k - a potion of degeneration
 l - 2 potions of resistance
 p - 2 potions of brilliance
 r - 2 potions of ambrosia
 x - a potion of flight {unknown}
 B - a potion of might
 G - a potion of lignification
 H - 2 potions of attraction
 L - 2 potions of invisibility


   Skills:
 - Level 1.7 Dodging
 - Level 1.7 Stealth
 + Level 9.2 Spellcasting
 + Level 10.5 Conjurations
 + Level 7.6 Translocations


You had 20 spell levels left.
You knew the following spells:

 Your Spells              Type           Power      Damage    Failure   Level
a - Magic Dart            Conj           100%       1d8       1%          1
b - Searing Ray           Conj           100%       2d8       1%          2
c - Iskenderun's Mystic   Conj/Tloc      83%        2d16      1%          4

Your spell library contained the following spells:

 Spells                   Type           Power      Damage    Failure   Level
 Dazzling Flash           Conj/Hex       100%       N/A       1%          3
 Necrotise                Necr           88%        1d8       4%          1
 Fulminant Prism          Conj/Hex       32%        3d16      5%          4
 Ozocubu's Armour         Ice            22%        N/A       14%         3
 Vampiric Draining        Necr           22%        2d7       14%         3
 Agony                    Necr           22%        N/A       78%         5
 Metabolic Englaciation   Hex/Ice        11%        N/A       78%         5
 Simulacrum               Ice/Necr       11%        N/A       100%        6


Dungeon Overview and Level Annotations

Branches:
Dungeon (12/15)            Temple (0/1) D:6
   Lair: D:8-11         Orc: D:9-12

Shops:
D:4 ?   D:8 *


Innate Abilities, Weirdness & Mutations

You have an increased reservoir of magic. (+10% MP)
You shall have no god before yourself.
Your divine heritage dramatically boosts your attributes as you level up.


Message History

You feel a surge of power!
You erupt in a blast of force!
The mystic blast hits the hornet!
The hornet is moderately wounded.
The hornet is knocked back by the mystic blast.
You feel very sick.
You hear an angry buzzing noise. x2
You take 5 damage, and have 46/69 hp.
You now have 24/27 mp.
Casting: Iskenderun's Mystic Blast (dangerous; 1% risk of failure)
Confirm with . or Enter, or press ? or * to list all spells.
You feel a surge of power!
You erupt in a blast of force!
The mystic blast hits the hornet!
The hornet is severely wounded.
The hornet is knocked back by the mystic blast.
You feel yourself speed up.
You feel very sick.
You hear an angry buzzing noise.
A killer bee comes into view. x2
You take 3 damage, and have 43/69 hp.
You now have 20/27 mp.
You feel sick.
You feel sick. The hornet stings you!
* * * LOW HITPOINT WARNING * * *
You suddenly lose the ability to move!
A killer bee comes into view.
You feel sick.
The killer bee stings you but does no damage.
The killer bee stings you.
* * * LOW HITPOINT WARNING * * *
You are more poisoned.
The killer bee poisons you! The hornet stings you.
* * * LOW HITPOINT WARNING * * *
You feel yourself slow down. The killer bee stings you.
* * * LOW HITPOINT WARNING * * *
The killer bee stings you.
* * * LOW HITPOINT WARNING * * *
You feel yourself speed up.
You feel very sick. The hornet stings you!
* * * LOW HITPOINT WARNING * * *
You shrug off the repeated paralysis!
The killer bee stings you.
You die...

................
..............$...
............y......
....................
.....................
......................
...........................
...............yyy.........
................@..........
...........................
...........................
...........................
...........................
.....>.......>.............
##########################


You could see a hornet and 3 killer bees.

Vanquished Creatures
  3 death yaks (D:9)
  The ghost of superradish the Chucker, a novice DsBr of Uskayaw (D:7)
  Pikel (D:7)
  Maggie (D:7)
  Eustachio (D:5)
  A steam dragon (D:7)
  2 vampire mosquitoes (D:12)
  An acid dragon (D:9)
  2 water moccasins
  3 orc warriors
  A sky beast (D:8)
  2 black bears
  3 ogres (D:5)
  7 centaurs
  3 lemures (D:7)
  5 kobold brigands
  2 phantoms
  A necrophage (D:6)
  3 bullfrogs
  A gnoll sergeant (D:8)
  4 scorpions
  4 wights
  A water moccasin zombie (D:6)
  3 jellies (D:5)
  9 killer bees
  A spectral bullfrog (D:6)
  A spectral centaur (D:6)
  A howler monkey (D:8)
  4 hounds (D:5)
  3 orc priests
  A centaur skeleton (D:6)
  2 gnoll boudas
  2 sleepcaps
  2 iguanas (D:4)
  3 hell rats (D:9)
  9 orc wizards
  2 hound zombies (D:3)
  14 gnolls
  11 adders
  A howler monkey skeleton (D:3)
  A river rat (D:9)
  3 white imps
  2 adder zombies (D:3)
  A worm (D:3)
  5 dart slugs
  23 orcs
  7 bats
  12 endoplasms
  3 giant cockroaches
  6 goblins
  8 hobgoblins
  2 jackals (D:3)
  35 kobolds
  6 quokkas
  5 ball pythons
  A ball python zombie (D:3)
  5 frilled lizards
  2 quokka skeletons (D:3)
  13 rats
  A spectral hobgoblin (D:7)
  A butterfly (D:6)
264 creatures vanquished.

Vanquished Creatures (others)
  An acid dragon (D:9)
1 creature vanquished.

Grand Total: 265 creatures vanquished

Notes
Turn   | Place    | Note
-------+----------+-------------------------------------------
     0 | D:1      | spardeous the Demigod Conjurer began the quest for the Orb.
     0 | D:1      | Reached XP level 1. HP: 14/14 MP: 5/5
   170 | D:1      | Reached XP level 2. HP: 19/20 MP: 0/7
   483 | D:1      | Reached skill level 4 in Conjurations
   800 | D:1      | Reached XP level 3. HP: 26/26 MP: 3/9
  1424 | D:2      | Learned a level 2 spell: Searing Ray
  1756 | D:2      | Reached XP level 4. HP: 33/33 MP: 9/11
  2884 | D:3      | Found a large runed translucent door.
  2888 | D:3      | Found a large runed translucent door.
  2974 | D:3      | Identified the +5 robe of Tieda {rF++ rC+ Int-4 Slay+3}
  3170 | D:3      | Reached skill level 5 in Conjurations
  3170 | D:3      | Reached XP level 5. HP: 35/38 MP: 4/13
  3950 | D:4      | Reached XP level 6. HP: 20/45 MP: 10/15
  4280 | D:4      | Reached skill level 6 in Conjurations
  4318 | D:4      | Found Wupp's Magic Scroll Shoppe.
  4328 | D:4      | Bought a scroll of teleportation for 39 gold pieces
  4328 | D:4      | Bought 3 scrolls of identify for 78 gold pieces
  4328 | D:4      | Bought a scroll of identify for 26 gold pieces
  4330 | D:4      | Bought a scroll of amnesia for 52 gold pieces
  4627 | D:5      | Entered Level 5 of the Dungeon
  4718 | D:5      | Reached XP level 7. HP: 36/50 MP: 9/17
  4723 | D:5      | Learned a level 4 spell: Iskenderun's Mystic Blast
  4780 | D:5      | Reached skill level 5 in Spellcasting
  4940 | D:5      | Noticed Eustachio
  4955 | D:5      | Killed Eustachio
  4956 | D:5      | Reached skill level 7 in Conjurations
  5109 | D:5      | Reached skill level 1 in Translocations
  5111 | D:5      | Reached XP level 8. HP: 33/57 MP: 15/20
  6329 | D:6      | Reached skill level 8 in Conjurations
  6392 | D:6      | Found a staircase to the Ecumenical Temple.
  6813 | D:5      | Reached XP level 9. HP: 6/61 MP: 14/23
  7138 | D:6      | Identified the +2 dagger of Obrugas {pain, rC- rN++ Str+5}
  7169 | D:7      | Noticed Maggie
  7186 | D:7      | Killed Maggie
  7363 | D:7      | Reached skill level 5 in Translocations
  7508 | D:7      | Reached skill level 9 in Conjurations
  7509 | D:7      | HP: 3/62 [orc wizard/puff of flame (12)]
  8177 | D:7      | Found a large runed translucent door.
  8177 | D:7      | Found a large runed translucent door.
  8179 | D:7      | Noticed superradish's ghost (novice DsBr)
  8443 | D:7      | Noticed Pikel
  8451 | D:7      | Killed Pikel
  8652 | D:7      | Killed superradish's ghost
  8653 | D:7      | Reached XP level 10. HP: 69/69 MP: 4/26
  9155 | D:8      | Found Noduto's Overcharged Wands.
  9953 | D:9      | Noticed a death yak
  9956 | D:9      | Noticed a death yak
  9958 | D:9      | Noticed a death yak
 10008 | D:9      | Killed a death yak
 10009 | D:9      | Reached skill level 10 in Conjurations
 10208 | D:9      | Killed a death yak
 10209 | D:9      | Killed a death yak
 10341 | D:9      | Identified the +9 short sword of Ignis, Howling {pain, rF+}
 10352 | D:9      | You fall into a shaft and drop 3 floors!
 10420 | D:11     | Identified 2 scrolls of acquirement
 10422 | D:11     | Acquired the ring of Wesariz {rF+ rC+ rN+}
 10427 | D:11     | Acquired the +1 hat of Makhleb {Fly rN+++ Str-3 Dex-4}
 10462 | D:10     | Entered Level 10 of the Dungeon
 10556 | D:10     | Paralysed by a hornet for 3 turns
 10558 | D:10     | Slain by a killer bee

Illustrated notes

Levels and vault maps discovered:
D:1:      psy_arrival_spokes, layout_basic
D:2:      minmay_general_purpose_star, layout_basic,
          hellmonk_ecumenical_altar_arch_garden, chequers_mini_garden,
          minivault_27
D:3:      due_chaos_kobolds, layout_loops_ring, nicolae_ru_awakened_eye,
          serial_undead, serial_undead_a, serial_undead_c, serial_undead_d,
          serial_undead_f, serial_undead_d, serial_undead_d, serial_undead_d,
          minmay_misc_feat_four_crosses, kennysheep_potato
D:4:      layout_gridville, serial_shops, shop
D:5:      layout_loops_ring, mainiacjoe_overflow_alcove_2, dk_xom_monty_hall,
          grunt_temple_overflow_cloverleaf, lexackson_kobold_supper,
          uniq_eustachio
D:6:      layout_gridville, minmay_temple_entry_butterflies, serial_glass,
          glass_columns_b, glass_columns_a, glass_columns_b, glass_columns_b,
          glass_columns_a, dilly_guarded_unrand_morg
D:7:      layout_basic, mainiacjoe_overflow_alcove_4,
          nicolae_hepliaklqana_monster_ancestors, ebering_ghost_disaster_area,
          minmay_manual_mares, uniq_maggie, uniq_pikel
D:8:      layout_loops_ring, nicolae_shop_overcharged_wands
D:9:      layout_stronghold, dpeg_lair_monsters, david_orc_4,
          lemuel_flamethrower_2, uniq_harold
D:10:     layout_long_grid, okawaru_ov_weapons_minmay,
          nicolae_shop_distant_corner_stores, uniq_erica, uniq_sonja
D:11:     layout_stronghold, lightli_fourway_metalbox
D:12:     layout_irregular_city, maelrawn_ghost_gauntlet_escape

Skill      XL: |  1  2  3  4  5  6  7  8  9 10 |
---------------+-------------------------------+-----
Spellcasting   | 2 3 4 5 7 8 9 |  9.2
Conjurations   | 4 5 6 7 8 9 10 | 10.5
Translocations | 1 4 6 7 |  7.6
Dodging        | |  1.7
Stealth        | |  1.7

Action                     |  1- 3 |  4- 6 |  7- 9 | 10-12 || total
---------------------------+-------+-------+-------+-------++-------
  Melee: Unarmed           |     8 |     4 |     3 |       ||    15
         Dagger            |       |       |     8 |     7 ||    15
   Cast: Magic Dart        |    86 |   177 |   101 |       ||   364
         Searing Ray       |       |    13 |    43 |       ||    56
         Iskenderun's Myst |       |       |    45 |    74 ||   119
    Use: Scroll            |       |    11 |       |    11 ||    22
         Potion            |       |       |     5 |       ||     5
 Armour: Robe              |     1 |       |       |     5 ||     6
         Leather armour    |     2 |     6 |       |       ||     8
         Ring mail         |       |     2 |    40 |       ||    42
  Dodge: Dodged            |     9 |    31 |    58 |    19 ||   117
  Block: Buckler           |     2 |     8 |    24 |    10 ||    44
